2609 views
Uploaded 2020-03-11 22:57:00
Game version 1.32.2
28:36 long 2on2 ladder game on (4)TwistedMeadows
Saved by BEARAND
2609 views
Uploaded 2020-03-11 22:57:00
Game version 1.32.2
28:36 long 2on2 ladder game on (4)TwistedMeadows


65 units @ 8k
/ 1.2k
177 buildings @ 15.1k
/ 9.1k
BEARAND
(28:34) : 


| Staff of Sanctuary | 3 | 750 |
| Staff of Teleportation | 3 | 450 |
| Boots of Speed | 3 | 750 |
| Periapt of Vitality | 1 | 325 |
| Healing Salve | 3 | 300 |
| Orb of Lightning | 2 | 750 |
| total: | 15 | 3325g |
| Peasant | 19 | 1425 | / | 0 |
| Dragonhawk Rider | 4 | 800 | / | 120 |
| Priest | 1 | 135 | / | 10 |
| Goblin Shredder | 1 | 375 | / | 100 |
| Goblin Zeppelin | 3 | 720 | / | 180 |
| total: | 28 | 3455g | / | 410w |
| Scout Tower | 83 | 2490 | / | 1660 |
| Arcane Tower | 7 | 490 | / | 350 |
| Guard Tower | 44 | 3080 | / | 2200 |
| Altar of Kings | 1 | 180 | / | 50 |
| Farm | 4 | 320 | / | 80 |
| Lumber Mill | 2 | 240 | / | 0 |
| Arcane Vault | 3 | 390 | / | 90 |
| Town Hall | 2 | 770 | / | 410 |
| Blacksmith | 1 | 140 | / | 60 |
| Barracks | 1 | 160 | / | 60 |
| Arcane Sanctum | 1 | 150 | / | 140 |
| Gryphon Aviary | 1 | 140 | / | 150 |
| Keep | 1 | 320 | / | 210 |
| Castle | 1 | 360 | / | 210 |
| total: | 99 | 4980g | / | 2700w |
| 0:02 | Peasant |
| 0:02 | Peasant |
| 0:03 | Peasant |
| 0:18 | Altar of Kings |
| 0:21 | Farm |
| 0:22 | Peasant |
| 0:39 | Lumber Mill |
| 0:43 | Lumber Mill |
| 0:46 | Scout Tower |
| 0:51 | Peasant |
| 1:13 | Peasant |
| 1:29 | Peasant |
| 1:34 | Farm |
| 1:37 | Peasant |
| 1:44 | Scout Tower |
| 1:45 | Arcane Tower |
| 1:46 | Peasant |
| 2:01 | Scout Tower |
| 2:05 | Peasant |
| 2:08 | Peasant |
| 2:08 | Peasant |
| 2:17 | Guard Tower |
| 2:33 | Scout Tower |
| 3:00 | Scout Tower |
| 3:00 | Guard Tower |
| 3:03 | Peasant |
| 3:12 | Peasant |
| 3:14 | Blizzard |
| 3:23 | Arcane Tower |
| 3:25 | Arcane Vault |
| 3:31 | Guard Tower |
| 3:32 | Scout Tower |
| 4:09 | Brilliance Aura |
| 4:13 | Scout Tower |
| 4:14 | Scout Tower |
| 4:14 | Scout Tower |
| 4:17 | Guard Tower |
| 4:21 | Scout Tower |
| 4:32 | Peasant |
| 4:32 | Peasant |
| 4:37 | Staff of Teleportation |
| 4:37 | Boots of Speed |
| 4:42 | Guard Tower |
| 4:43 | Guard Tower |
| 4:46 | Scout Tower |
| 4:46 | Scout Tower |
| 4:48 | Guard Tower |
| 5:17 | Guard Tower |
| 5:39 | Keep |
| 5:43 | Healing Salve |
| 7:02 | Town Hall |
| 7:14 | Scout Tower |
| 7:15 | Scout Tower |
| 7:48 | Guard Tower |
| 7:49 | Farm |
| 7:50 | Farm |
| 7:55 | Goblin Shredder |
| 8:06 | Improved Lumber Harvesting |
| 8:15 | Scout Tower |
| 8:16 | Scout Tower |
| 8:40 | Guard Tower |
| 8:42 | Scout Tower |
| 8:43 | Scout Tower |
| 8:44 | Scout Tower |
| 8:45 | Scout Tower |
| 9:09 | Guard Tower |
| 9:10 | Guard Tower |
| 9:11 | Peasant |
| 9:12 | Peasant |
| 9:25 | Guard Tower |
| 9:27 | Improved Masonry |
| 9:29 | Blizzard |
| 9:35 | Storm Bolt |
| 9:58 | Guard Tower |
| 9:59 | Castle |
| 10:00 | Scout Tower |
| 10:01 | Scout Tower |
| 10:01 | Scout Tower |
| 10:04 | Boots of Speed |
| 10:09 | Scout Tower |
| 10:13 | Arcane Sanctum |
| 10:16 | Peasant |
| 10:28 | Gryphon Aviary |
| 11:17 | Guard Tower |
| 11:19 | Guard Tower |
| 11:25 | Scout Tower |
| 11:26 | Scout Tower |
| 11:27 | Scout Tower |
| 11:27 | Scout Tower |
| 11:29 | Scout Tower |
| 11:29 | Scout Tower |
| 11:32 | Magic Sentry |
| 11:34 | Scout Tower |
| 11:35 | Scout Tower |
| 11:36 | Scout Tower |
| 11:37 | Scout Tower |
| 11:43 | Orb of Lightning |
| 11:47 | Dragonhawk Rider |
| 11:48 | Guard Tower |
| 11:49 | Scout Tower |
| 11:50 | Scout Tower |
| 11:50 | Scout Tower |
| 11:51 | Scout Tower |
| 12:07 | Guard Tower |
| 12:19 | Advanced Masonry |
| 12:41 | Guard Tower |
| 12:44 | Priest |
| 12:48 | Arcane Tower |
| 12:49 | Guard Tower |
| 13:00 | Healing Salve |
| 13:17 | Holy Light |
| 13:42 | Staff of Teleportation |
| 13:43 | Boots of Speed |
| 13:53 | Guard Tower |
| 13:54 | Arcane Vault |
| 13:59 | Guard Tower |
| 14:05 | Dragonhawk Rider |
| 14:21 | Guard Tower |
| 14:28 | Arcane Vault |
| 14:28 | Guard Tower |
| 14:50 | Staff of Teleportation |
| 14:54 | Periapt of Vitality |
| 14:58 | Goblin Zeppelin |
| 15:07 | Guard Tower |
| 15:08 | Guard Tower |
| 15:46 | Imbued Masonry |
| 15:47 | Dragonhawk Rider |
| 15:49 | Blacksmith |
| 15:50 | Barracks |
| 16:25 | Scout Tower |
| 16:26 | Scout Tower |
| 16:26 | Scout Tower |
| 16:27 | Scout Tower |
| 17:06 | Arcane Tower |
| 17:08 | Scout Tower |
| 17:09 | Scout Tower |
| 17:10 | Scout Tower |
| 17:13 | Staff of Sanctuary |
| 17:24 | Bash |
| 17:40 | Staff of Sanctuary |
| 18:16 | Brilliance Aura |
| 18:19 | Guard Tower |
| 18:38 | Animal War Training |
| 18:59 | Divine Shield |
| 19:18 | Storm Bolt |
| 19:34 | Town Hall |
| 19:38 | Scout Tower |
| 19:38 | Scout Tower |
| 19:39 | Scout Tower |
| 19:39 | Scout Tower |
| 19:39 | Scout Tower |
| 19:40 | Scout Tower |
| 19:41 | Scout Tower |
| 19:41 | Scout Tower |
| 20:01 | Staff of Sanctuary |
| 20:23 | Orb of Lightning |
| 20:26 | Guard Tower |
| 20:30 | Guard Tower |
| 20:32 | Scout Tower |
| 20:32 | Scout Tower |
| 20:33 | Scout Tower |
| 20:33 | Scout Tower |
| 20:34 | Scout Tower |
| 20:34 | Scout Tower |
| 20:34 | Scout Tower |
| 20:35 | Scout Tower |
| 21:01 | Goblin Zeppelin |
| 21:58 | Guard Tower |
| 22:13 | Guard Tower |
| 22:39 | Dragonhawk Rider |
| 22:39 | Cloud |
| 22:40 | Iron Forged Swords |
| 22:40 | Studded Leather Armor |
| 22:50 | Guard Tower |
| 23:00 | Healing Salve |
| 23:22 | Goblin Zeppelin |
| 23:34 | Scout Tower |
| 23:34 | Scout Tower |
| 23:35 | Scout Tower |
| 23:35 | Scout Tower |
| 23:36 | Scout Tower |
| 23:36 | Scout Tower |
| 23:52 | Scout Tower |
| 23:52 | Scout Tower |
| 23:53 | Scout Tower |
| 23:53 | Scout Tower |
| 23:54 | Scout Tower |
| 23:54 | Scout Tower |
| 23:55 | Scout Tower |
| 23:55 | Scout Tower |
| 23:56 | Scout Tower |
| 23:56 | Scout Tower |
| 24:36 | Guard Tower |
| 24:44 | Guard Tower |
| 24:46 | Guard Tower |
| 24:49 | Steel Forged Swords |
| 24:49 | Reinforced Leather Armor |
| 24:59 | Holy Light |
| 25:40 | Guard Tower |
| 25:41 | Arcane Tower |
| 25:47 | Arcane Tower |
| 25:52 | Priest Adept Training |
| 25:52 | Sorceress Adept Training |
| 25:56 | Guard Tower |
| 26:47 | Guard Tower |
| 26:50 | Scout Tower |
| 26:51 | Scout Tower |
| 26:51 | Scout Tower |
| 26:51 | Scout Tower |
| 26:53 | Scout Tower |
| 26:53 | Scout Tower |
| 27:04 | Guard Tower |
| 27:06 | Guard Tower |
| 27:59 | Bash |
| 28:01 | Brilliance Aura |
| Right click | 2358 |
| Select | 800 |
| Select group | 446 |
| Build/train/purchase | 172 |
| Chat | 136 |
| Use ability | 93 |
| Resource trade | 63 |
| Assign group | 21 |
| Misc. action | 18 |
| Item give/drop | 12 |
| Minimap ping | 7 |
| Remove unit | 2 |


| Lesser Clarity Potion | 6 | 420 |
| Healing Salve | 2 | 200 |
| Orb of Lightning | 2 | 750 |
| Staff of Teleportation | 2 | 300 |
| Boots of Speed | 2 | 500 |
| Circlet of Nobility | 1 | 175 |
| Staff of Sanctuary | 2 | 500 |
| total: | 17 | 2845g |
| Peon | 19 | 1425 | / | 0 |
| Troll Batrider | 17 | 2720 | / | 680 |
| Goblin Shredder | 1 | 375 | / | 100 |
| total: | 37 | 4520g | / | 780w |
| Watch Tower | 64 | 7040 | / | 5120 |
| Altar of Storms | 1 | 180 | / | 50 |
| Orc Burrow | 4 | 640 | / | 160 |
| War Mill | 1 | 205 | / | 0 |
| Voodoo Lounge | 2 | 260 | / | 60 |
| Great Hall | 4 | 1540 | / | 740 |
| Beastiary | 2 | 290 | / | 280 |
| Stronghold | 1 | 315 | / | 190 |
| Fortress | 1 | 325 | / | 190 |
| total: | 78 | 10155g | / | 6410w |
| 0:03 | Peon |
| 0:03 | Peon |
| 0:05 | Altar of Storms |
| 0:08 | Orc Burrow |
| 0:12 | Peon |
| 0:24 | Peon |
| 0:47 | War Mill |
| 0:54 | Peon |
| 1:09 | Peon |
| 1:18 | Voodoo Lounge |
| 1:22 | Peon |
| 1:30 | Peon |
| 1:50 | Peon |
| 1:51 | Peon |
| 1:55 | Orc Burrow |
| 2:04 | Wind Walk |
| 2:08 | Watch Tower |
| 2:47 | Peon |
| 2:47 | Peon |
| 2:47 | Peon |
| 3:16 | Watch Tower |
| 3:19 | Watch Tower |
| 3:32 | Stronghold |
| 3:43 | Lesser Clarity Potion |
| 3:43 | Healing Salve |
| 3:44 | Lesser Clarity Potion |
| 3:55 | Watch Tower |
| 3:59 | Voodoo Lounge |
| 4:07 | Watch Tower |
| 4:18 | Staff of Teleportation |
| 4:42 | Boots of Speed |
| 5:11 | Orc Burrow |
| 6:11 | Critical Strike |
| 6:21 | Fortress |
| 6:22 | Circlet of Nobility |
| 6:36 | Beastiary |
| 6:48 | Watch Tower |
| 6:55 | Hex |
| 7:11 | Watch Tower |
| 7:30 | Watch Tower |
| 7:32 | Watch Tower |
| 7:32 | Watch Tower |
| 7:58 | Watch Tower |
| 8:14 | Troll Batrider |
| 8:14 | Troll Batrider |
| 8:25 | Watch Tower |
| 8:58 | Orb of Lightning |
| 9:04 | Watch Tower |
| 9:37 | Watch Tower |
| 9:55 | Staff of Teleportation |
| 9:55 | Boots of Speed |
| 10:00 | Healing Wave |
| 10:12 | Troll Batrider |
| 10:38 | Wind Walk |
| 10:45 | Great Hall |
| 10:50 | Watch Tower |
| 10:51 | Watch Tower |
| 10:51 | Watch Tower |
| 10:52 | Watch Tower |
| 10:57 | Healing Salve |
| 11:08 | Lesser Clarity Potion |
| 11:13 | Watch Tower |
| 11:16 | Reinforced Defenses |
| 11:18 | Troll Batrider |
| 11:34 | Watch Tower |
| 11:37 | Watch Tower |
| 11:52 | Troll Batrider |
| 11:52 | Troll Batrider |
| 12:18 | Peon |
| 12:46 | Watch Tower |
| 12:50 | Watch Tower |
| 13:27 | Troll Batrider |
| 13:27 | Troll Batrider |
| 13:52 | Orc Burrow |
| 13:56 | Watch Tower |
| 13:57 | Watch Tower |
| 14:10 | Watch Tower |
| 14:11 | Watch Tower |
| 14:11 | Watch Tower |
| 14:12 | Watch Tower |
| 14:37 | Watch Tower |
| 15:05 | Watch Tower |
| 15:06 | Watch Tower |
| 15:11 | Troll Batrider |
| 15:12 | Troll Batrider |
| 15:15 | Watch Tower |
| 16:14 | Healing Wave |
| 16:30 | Great Hall |
| 16:43 | Lesser Clarity Potion |
| 16:46 | Watch Tower |
| 16:47 | Watch Tower |
| 16:48 | Watch Tower |
| 16:49 | Watch Tower |
| 17:25 | Troll Batrider |
| 19:10 | Critical Strike |
| 19:31 | Peon |
| 19:31 | Peon |
| 19:32 | Peon |
| 19:32 | Peon |
| 19:34 | Troll Batrider |
| 19:35 | Troll Batrider |
| 19:37 | Beastiary |
| 19:54 | Great Hall |
| 19:57 | Lesser Clarity Potion |
| 19:59 | Staff of Sanctuary |
| 20:01 | Orb of Lightning |
| 20:07 | Watch Tower |
| 20:07 | Watch Tower |
| 20:08 | Watch Tower |
| 20:08 | Watch Tower |
| 20:42 | Troll Batrider |
| 20:57 | Troll Batrider |
| 21:11 | Watch Tower |
| 21:12 | Watch Tower |
| 21:23 | Watch Tower |
| 21:36 | Watch Tower |
| 21:42 | Troll Batrider |
| 21:46 | Troll Batrider |
| 22:14 | Watch Tower |
| 22:15 | Watch Tower |
| 22:27 | Watch Tower |
| 23:09 | Great Hall |
| 23:13 | Watch Tower |
| 23:14 | Watch Tower |
| 23:15 | Watch Tower |
| 23:16 | Watch Tower |
| 23:48 | Goblin Shredder |
| 24:22 | Watch Tower |
| 24:34 | Watch Tower |
| 24:41 | Watch Tower |
| 24:42 | Watch Tower |
| 24:59 | Watch Tower |
| 25:39 | Watch Tower |
| 25:39 | Watch Tower |
| 25:44 | Spiked Barricades |
| 25:48 | Lesser Clarity Potion |
| 25:53 | Staff of Sanctuary |
| 25:57 | Watch Tower |
| 25:58 | Watch Tower |
| 26:02 | Peon |
| 26:47 | Watch Tower |
| 26:48 | Watch Tower |
| 26:52 | Watch Tower |
| 28:18 | Wind Walk |
| Right click | 1738 |
| Select group | 777 |
| Select | 300 |
| Build/train/purchase | 116 |
| Use ability | 72 |
| Misc. action | 32 |
| Assign group | 24 |
| Chat | 20 |
| Item give/drop | 7 |
| Minimap ping | 7 |
| Esc | 6 |
| Resource trade | 5 |
101 units @ 13.2k
/ 1.8k
29 buildings @ 5.1k
/ 2.1k


| Scroll of Healing | 1 | 250 |
| Dust of Appearance | 2 | 150 |
| Boots of Speed | 1 | 250 |
| Periapt of Vitality | 1 | 325 |
| Scroll of Protection | 1 | 150 |
| total: | 6 | 1125g |
| Wisp | 17 | 1020 | / | 0 |
| Archer | 2 | 260 | / | 20 |
| Huntress | 15 | 2925 | / | 300 |
| Dryad | 7 | 1015 | / | 420 |
| Mountain Giant | 6 | 2100 | / | 600 |
| total: | 47 | 7320g | / | 1340w |
| Altar of Elders | 1 | 180 | / | 50 |
| Moon Well | 6 | 1080 | / | 240 |
| Ancient of War | 1 | 150 | / | 60 |
| Hunter's Hall | 1 | 210 | / | 100 |
| Tree of Life | 1 | 340 | / | 185 |
| Ancient of Wonders | 2 | 180 | / | 60 |
| Ancient of Lore | 1 | 155 | / | 145 |
| Tree of Ages | 1 | 320 | / | 180 |
| Tree of Eternity | 1 | 330 | / | 200 |
| total: | 13 | 2295g | / | 840w |
| 0:07 | Altar of Elders |
| 0:09 | Moon Well |
| 0:11 | Wisp |
| 0:27 | Wisp |
| 0:31 | Wisp |
| 0:39 | Ancient of War |
| 0:45 | Wisp |
| 0:58 | Wisp |
| 1:24 | Wisp |
| 1:41 | Archer |
| 1:51 | Hunter's Hall |
| 2:01 | Wisp |
| 2:06 | Moon Well |
| 2:22 | Mana Burn |
| 2:48 | Archer |
| 3:01 | Huntress |
| 3:15 | Moon Well |
| 3:19 | Huntress |
| 3:30 | Strength of the Moon |
| 3:32 | Huntress |
| 3:57 | Huntress |
| 4:34 | Huntress |
| 4:35 | Moon Armor |
| 5:05 | Tree of Ages |
| 5:13 | Moon Well |
| 5:39 | Huntress |
| 6:06 | Evasion |
| 6:12 | Boots of Speed |
| 6:22 | Huntress |
| 6:57 | Periapt of Vitality |
| 7:30 | Mana Burn |
| 7:41 | Moon Glaive |
| 7:44 | Improved Moon Armor |
| 7:48 | Moon Well |
| 7:52 | Ancient of Lore |
| 7:57 | Scroll of Healing |
| 8:02 | Scroll of Protection |
| 9:29 | Abolish Magic |
| 9:30 | Dryad |
| 9:30 | Dryad |
| 9:40 | Huntress |
| 10:30 | Dust of Appearance |
| 10:44 | Dryad |
| 10:46 | Huntress |
| 10:48 | Improved Strength of the Moon |
| 11:52 | Dryad |
| 11:52 | Dryad |
| 11:56 | Moon Well |
| 11:58 | Huntress |
| 11:58 | Huntress |
| 14:19 | Tree of Eternity |
| 15:16 | Entangling Roots |
| 16:19 | Tree of Life |
| 16:39 | Dryad |
| 16:41 | Huntress |
| 18:48 | Huntress |
| 18:48 | Huntress |
| 18:49 | Huntress |
| 19:18 | Wisp |
| 19:18 | Wisp |
| 19:18 | Wisp |
| 19:18 | Wisp |
| 19:18 | Wisp |
| 19:19 | Wisp |
| 19:32 | Wisp |
| 19:33 | Wisp |
| 19:33 | Wisp |
| 19:38 | Evasion |
| 20:19 | Dryad |
| 20:48 | Wisp |
| 21:26 | Ancient of Wonders |
| 22:35 | Ancient of Wonders |
| 23:39 | Mountain Giant |
| 23:43 | Mountain Giant |
| 23:57 | Dust of Appearance |
| 24:33 | Hardened Skin |
| 24:35 | Mountain Giant |
| 25:37 | Mountain Giant |
| 25:51 | Mountain Giant |
| 25:53 | Strength of the Wild |
| 25:54 | Reinforced Hides |
| 26:58 | Mountain Giant |
| Right click | 1090 |
| Select | 342 |
| Build/train/purchase | 75 |
| Select group | 30 |
| Assign group | 28 |
| Use ability | 25 |
| Minimap ping | 9 |
| Remove unit | 4 |
| Item give/drop | 2 |


| Boots of Speed | 1 | 250 |
| total: | 1 | 250g |
| Wisp | 23 | 1380 | / | 0 |
| Archer | 18 | 2340 | / | 180 |
| Hippogryph | 12 | 1920 | / | 240 |
| Forest Troll Shadow Priest | 1 | 195 | / | 10 |
| total: | 54 | 5835g | / | 430w |
| Ancient Protector | 4 | 540 | / | 320 |
| Altar of Elders | 1 | 180 | / | 50 |
| Moon Well | 6 | 1080 | / | 240 |
| Ancient of War | 1 | 150 | / | 60 |
| Hunter's Hall | 1 | 210 | / | 100 |
| Tree of Life | 1 | 340 | / | 185 |
| Ancient of Wind | 2 | 300 | / | 280 |
| Tree of Ages | 1 | 320 | / | 180 |
| Tree of Eternity | 1 | 330 | / | 200 |
| total: | 16 | 2800g | / | 1235w |
| 0:01 | Wisp |
| 0:01 | Wisp |
| 0:05 | Altar of Elders |
| 0:10 | Moon Well |
| 0:12 | Wisp |
| 0:25 | Wisp |
| 0:39 | Ancient of War |
| 0:52 | Wisp |
| 1:16 | Wisp |
| 1:32 | Moon Well |
| 1:41 | Wisp |
| 1:41 | Wisp |
| 1:44 | Archer |
| 2:02 | Moon Well |
| 2:15 | Archer |
| 2:18 | Mana Burn |
| 2:26 | Moon Well |
| 3:11 | Archer |
| 3:11 | Archer |
| 3:21 | Moon Well |
| 3:32 | Wisp |
| 4:01 | Archer |
| 4:01 | Archer |
| 4:14 | Moon Well |
| 4:23 | Archer |
| 4:49 | Archer |
| 4:49 | Archer |
| 5:23 | Evasion |
| 5:41 | Tree of Ages |
| 5:58 | Hunter's Hall |
| 7:09 | Archer |
| 7:09 | Archer |
| 7:12 | Strength of the Moon |
| 7:12 | Moon Armor |
| 8:01 | Mana Burn |
| 8:11 | Ancient of Wind |
| 8:11 | Ancient of Wind |
| 8:14 | Wisp |
| 8:14 | Wisp |
| 9:26 | Hippogryph |
| 9:26 | Hippogryph |
| 9:26 | Hippogryph |
| 9:44 | Hippogryph |
| 9:45 | Hippogryph |
| 9:48 | Archer |
| 9:48 | Improved Bows |
| 9:56 | Evasion |
| 10:04 | Wisp |
| 10:04 | Wisp |
| 10:04 | Wisp |
| 10:51 | Boots of Speed |
| 12:00 | Tree of Life |
| 12:47 | Hippogryph |
| 12:50 | Archer |
| 12:56 | Entangling Roots |
| 14:12 | Forest Troll Shadow Priest |
| 14:56 | Wisp |
| 14:56 | Wisp |
| 14:56 | Wisp |
| 14:56 | Wisp |
| 14:56 | Wisp |
| 15:10 | Archer |
| 15:10 | Archer |
| 15:34 | Thorns Aura |
| 15:40 | Hippogryph |
| 16:51 | Ancient Protector |
| 16:53 | Ancient Protector |
| 16:55 | Wisp |
| 16:55 | Wisp |
| 18:53 | Hippogryph |
| 18:53 | Hippogryph |
| 20:43 | Wisp |
| 20:43 | Wisp |
| 21:15 | Ancient Protector |
| 21:18 | Ancient Protector |
| 21:57 | Tree of Eternity |
| 21:58 | Improved Strength of the Moon |
| 21:58 | Improved Moon Armor |
| 22:08 | Mana Burn |
| 23:28 | Archer |
| 23:28 | Archer |
| 23:31 | Hippogryph |
| 23:31 | Hippogryph |
| 23:33 | Archer |
| 23:54 | Hippogryph |
| Right click | 2723 |
| Select | 468 |
| Select group | 313 |
| Build/train/purchase | 90 |
| Assign group | 49 |
| Use ability | 45 |
| Misc. action | 22 |
| Minimap ping | 14 |
| Remove unit | 7 |
| Item give/drop | 2 |